 Dungeon Crawl Stone Soup version 0.28-a0-1374-ga75cb3825e (webtiles) character file.

Game seed: 2865054887841520701

23 funkygono the Firebug (level 2, 0/15 HPs)
             Began as a Deep Elf Fire Elementalist on Dec 31, 2021.
             Slain by a goblin (4 damage)
             ... led by Robin
             ... on level 2 of the Dungeon.
             The game lasted 00:01:44 (675 turns).

funkygono the Firebug (Deep Elf Fire Elementalist)   Turns: 675, Time: 00:01:45

Health: 0/15       AC:  3    Str:  5    XL:     2   Next: 75%
Magic:  1/8        EV: 12    Int: 19    God:
Gold:   9          SH:  0    Dex: 15    Spells: 4/7 levels left

rFire   . . .      SeeInvis .   d - +0 dagger
rCold   . . .      Faith    .   (no shield)
rNeg    . . .      Spirit   .   i - +1 robe of the Moon {+Blink}
rPois   .          Reflect  .   (no helmet)
rElec   .          Harm     .   (no cloak)
rCorr   .          Rampage  .   (no gloves)
Will    .....                   (no boots)
Stlth   ++........              (no amulet)
HPRegen 0.05/turn               (no ring)
MPRegen 0.11/turn               (no ring)

@: no status effects
A: no striking features
a: Evoke Blink


You were on level 2 of the Dungeon.
You visited 1 branch of the dungeon, and saw 2 of its levels.

You collected 9 gold pieces.

Inventory:

Hand Weapons
 d - a +0 dagger (weapon)
Armour
 a - a +0 robe
 i - the +1 robe of the Moon (worn) {+Blink}
   (You found it on level 2 of the Dungeon)

   +Blink:    It lets you blink.
Magical Staves
 j - a staff of earth
Scrolls
 f - a scroll of identify {unknown}
 g - 2 scrolls of torment {unknown}
Potions
 b - a potion of flight {unknown}
 c - 2 potions of magic {unknown}
 e - a potion of berserk rage {unknown}
 h - 2 potions of heal wounds {unknown}


   Skills:
 + Level 2.6 Dodging
 - Level 2.4 Stealth
 * Level 3.2 Spellcasting
 * Level 1.3 Conjurations
 * Level 4.1 Fire Magic


You had 4 spell levels left.
You knew the following spells:

 Your Spells              Type           Power      Damage    Failure   Level
a - Foxfire               Conj/Fire      52%        2x1d6     4%          1
b - Scorch                Fire           36%        2d7       4%          2

Your spell library contained the following spells:

 Spells                   Type           Power      Damage    Failure   Level
 Conjure Flame            Conj/Fire      13%        6-21      14%         3
 Inner Flame              Hex/Fire       10%        N/A       19%         3
 Flame Wave               Conj/Fire      13%        2d5       43%         4


Dungeon Overview and Level Annotations

Branches:
Dungeon (2/15)

Altars:
Zin

Annotations:
D:2 Natasha, Robin


Message History

Robin of the Strong Arm comes into view.
They are wielding a +0 spear.
A goblin comes into view. It is wielding a +0 club.
Casting: Foxfire (safe; 4% risk of failure)
Confirm with . or Enter, or press ? or * to list all spells.
You conjure some foxfire!
Robin shouts!
The goblin shouts!
An endoplasm comes into view.
The foxfire hits the hobgoblin.
The hobgoblin is almost dead.
The foxfire hits the hobgoblin but does no damage.
The hobgoblin is almost dead.
Your magical contamination has completely faded away.
Casting: Foxfire (safe; 4% risk of failure)
Confirm with . or Enter, or press ? or * to list all spells.
You conjure some foxfire!
Robin roars a battlecry!
Unknown command.
The foxfire hits the hobgoblin.
You kill the hobgoblin!
The foxfire hits the worm.
The worm is moderately wounded.
The foxfire hits the worm.
The worm is heavily wounded.
The goblin shouts!
Robin throws the goblin at you!
You hit the goblin but do no damage. The goblin hits you with a +0 club.
Robin throws the goblin at you! The goblin hits you but does no damage.
Robin roars a battlecry!
The goblin goes into a battle-frenzy!
You hear a shout!
The goblin hits you with a +0 club.
You see here a bat corpse.
The goblin misses you. The goblin hits you with a +0 club.
* * * LOW HITPOINT WARNING * * *
There is a stone staircase leading up here.
Robin roars a battlecry!
The goblin closely misses you. The goblin hits you with a +0 club.
You die...

## #### # #.. ..#
##. ..### #.# ## ...
...# ##.## ..
.≈###..####<).##.# #
#...#......g@...# #≈
#.⌠.#.####.g.####
.#≈≈#...#.....†.##
#≈≈≈≈###........#
†≈≈≈≈≈$.......).####
≈≈≈≈≈≈.†.g.........#
#≈≈≈≈###........##.#
)#≈≈#...#.......# #
#≈≈#.g.#.......#


You could see Robin and 2 goblins.

Vanquished Creatures
  3 hobgoblins
  4 jackals (D:1)
  5 bats
  A frilled lizard (D:1)
  4 goblins
  3 kobolds
  2 rats (D:2)
22 creatures vanquished.

Vanquished Creatures (others)
  48 foxfires
48 creatures vanquished.

Grand Total: 70 creatures vanquished

Notes
Turn   | Place    | Note
-------+----------+-------------------------------------------
     0 | D:1      | funkygono the Deep Elf Fire Elementalist began the quest
                  | for the Orb.
     0 | D:1      | Reached XP level 1. HP: 10/10 MP: 6/6
    76 | D:1      | Found a faded altar of an unknown god.
   283 | D:1      | Reached XP level 2. HP: 14/15 MP: 0/8
   292 | D:1      | Learned a level 2 spell: Scorch
   543 | D:2      | Noticed Natasha
   543 | D:2      | Found a glowing silver altar of Zin.
   629 | D:2      | Identified the +1 robe of the Moon {+Blink}
   658 | D:2      | Reached skill level 4 in Fire Magic
   659 | D:2      | Noticed Robin
   675 | D:2      | Slain by a goblin

Illustrated notes

Levels and vault maps discovered:
D:1:      nicolae_arrival_memento_mori, layout_rooms,
          hellmonk_ecumenical_altar_crossroads
D:2:      layout_loops_ring, basic_altar, serial_shops, shop, fountainhead,
          uniq_robin, uniq_natasha

Skill      XL: |  1  2 |
---------------+-------+-----
Fire Magic     | 4 |  4.1
Dodging        | |  2.6
Stealth        | |  2.4
Spellcasting   | |  3.2
Conjurations   | |  1.3

Action                   || total
-------------------------++-------
Melee: Dagger            ||     1
 Cast: Foxfire           ||    30
Armor: Robe              ||     2
Dodge: Dodged            ||    13

Table legend: (Time is in decaauts)
 A = Elapsed time spent in this place.
 B = Non-inter-level travel time spent in this place.
 C = Inter-level travel time spent in this place.
 D = Time resting spent in this place.
 E = Time spent auto-exploring this place.
 F = Levels seen in this place.
 G = Mean time per level.
                   A        B        C        D        E       F      G
               +--------+--------+--------+--------+--------+-----+--------+
         Total |    675 |    649 |     26 |      0 |    480 |   2 |  337.5 |
       Dungeon |    675 |    649 |     26 |      0 |    480 |   2 |  337.5 |
               +--------+--------+--------+--------+--------+-----+--------+

Top non-repeatable levels by time:
     D:1: 572 daAuts
     D:2: 103 daAuts
